 Dungeon Crawl Stone Soup version 0.19-a0-1007-g133f65f (webtiles) character file.

1528 mistymad the Skirmisher (level 9, -4/72 HPs)
             Began as a Formicid Abyssal Knight on July 19, 2016.
             Was a High Priest of Lugonu.
             Slain by a black bear (6 damage)
             ... on level 5 of the Dungeon.
             The game lasted 00:25:03 (7507 turns).

mistymad the Skirmisher (Formicid Abyssal Knight)   Turns: 7507, Time: 00:25:04

Health: -4/72      AC:  8    Str: 21    XL:     9   Next: 10%
Magic:  10/10      EV: 11    Int: 11    God:    Lugonu [*****.]
Gold:   464        SH:  0    Dex: 10    Spells: 0 memorised, 8 levels left

rFire  . . .     SeeInvis +     v - +1 war axe
rCold  . . .     Gourm    .     k - +0 ring mail
rNeg   . . .     Faith    .     (no shield)
rPois  +         Spirit   .     (helmet unavailable)
rElec  .         Dismiss  .     (no cloak)
rCorr  .         Reflect  .     e - +1 pair of gloves
SustAt .         Harm     .     (no boots)
MR     .....                    (no amulet)
Stlth  ..........               (no ring)
                                l - ring of poison resistance

@: not resistant to hostile enchantments, extremely unstealthy
A: permanent stasis, dig shafts and tunnels, four strong arms, antennae 3
a: Dig, Shaft Self, Depart the Abyss, Bend Space, Banish, Corrupt, Enter the
Abyss, Renounce Religion


You were on level 5 of the Dungeon.
You worshipped Lugonu.
Lugonu was extremely pleased with you.
You were not hungry.

You visited 1 branch of the dungeon, and saw 6 of its levels.
You visited the Abyss 1 time.

You collected 464 gold pieces.

Inventory:

Hand Weapons
 v - a +1 war axe (weapon)
Armour
 e - a +1 pair of gloves (worn)
 k - a +0 ring mail (worn)
 B - a +0 pair of boots
Jewellery
 h - a +4 amulet of reflection
 l - a ring of poison resistance (left hand)
Wands
 j - a wand of random effects (3/48)
 y - a wand of acid (6/15)
Scrolls
 a - a scroll of identify
 b - a scroll of recharging
 p - a scroll of remove curse
 r - 3 scrolls of immolation
 t - a scroll of enchant weapon
 z - a scroll of enchant armour {unknown}
Potions
 d - 2 potions of might
 m - a potion of ambrosia
 n - a potion of curing
 o - a potion of degeneration {unknown}
 q - 2 potions of haste
 s - a potion of agility {unknown}
 w - a potion of invisibility {unknown}
 x - 2 potions of lignification {unknown}
Books
 u - a book of Annihilations

   Spells                             Type                      Level
   a - Poison Arrow                   Conjuration/Poison           6
   b - Chain Lightning                Conjuration/Air              8
   c - Lehudib's Crystal Spear        Conjuration/Earth            8
   d - Glaciate                       Conjuration/Ice              9
   e - Fire Storm                     Conjuration/Fire             9
Comestibles
 c - 5 bread rations
 f - a slice of pizza
 g - a meat ration
 i - a beef jerky
 A - 5 chunks of flesh


   Skills:
 + Level 7.5 Fighting
 + Level 6.4 Axes
 + Level 7.2 Armour
 - Level 0.8 Dodging
 - Level 2.1 Invocations


You had 8 spell levels left.
You didn't know any spells.

Dungeon Overview and Level Annotations

Branches:
Dungeon (6/15)             Temple (0/1) D:6

Altars:
Uskayaw

Annotations:
D:3 1 exclusion
D:6 Grinder


Innate Abilities, Weirdness & Mutations

You are under a permanent stasis effect.
You can dig through walls and to a lower floor.
Your four strong arms can wield two-handed weapons with a shield.
You have a pair of large antennae on your head. (SInv)


Message History

The black bear bites you.
* * * LOW HITPOINT WARNING * * *
The black bear claws you but does no damage.
The black bear claws you.
* * * LOW HITPOINT WARNING * * *
You take 5 damage, and have 4/72 hp.
You feel better.
The black bear bites you but does no damage.
The black bear claws you but does no damage. x2
You regained 11 hp, and now have 15/72 hp.
The black bear closely misses you. The black bear claws you.
* * * LOW HITPOINT WARNING * * *
The black bear claws you.
* * * LOW HITPOINT WARNING * * *
You take 6 damage, and have 9/72 hp.
The black bear rages.
The black bear bites you!
* * * LOW HITPOINT WARNING * * *
The black bear claws you.
You die...

........#.# #.<.......
........#.###### #.........
####.####.#....# #.........
......# #.#....# ####.........
#####.###.#....# #..'........[
#..##.#....######.##.........
#..##.#....'....#.##.........
#####..##.#....####.#.#######....
....#...#.#....h@...#.# #.###
....#.#.#.#......#....# #.#
....+.#...#....<......# #.#
....####..#....##....########.#
....#....>#....+............#.#
....#.####.....#............#.#
#####.##.......+..............#
......##.#######............###
########.# #............#


You could see a black bear (berserk).

Vanquished Creatures
  Sigmund (D:2)
  A phantom (D:4)
  4 big kobolds (D:3)
  A giant frog (D:6)
  2 scorpions
  A howler monkey (D:4)
  2 crimson imps
  A quasit (D:5)
  A centaur skeleton (D:5)
  A jelly (D:5)
  A hound (D:3)
  A giant frog skeleton (D:6)
  4 orc wizards
  Terence (D:3)
  5 worker ants
  A hound skeleton (D:5)
  5 gnolls
  6 adders
  A shadow imp (D:6)
  2 worms
  4 dart slugs
  4 giant geckos
  19 orcs
  6 giant cockroaches
  30 goblins
  26 hobgoblins
  16 jackals
  19 kobolds
  3 quokkas
  4 ball pythons
  9 bats
  4 giant newts
  A jackal zombie (D:5)
  13 rats
  A fungus (D:5)
201 creatures vanquished.

Notes
Turn   | Place    | Note
-------+----------+-------------------------------------------
     0 | Abyss:1  | mistymad the Formicid Abyssal Knight began the quest for the Orb.
     0 | Abyss:1  | Reached XP level 1. HP: 18/18 MP: 2/2
    68 | Abyss:1  | Noticed a large abomination
    72 | Abyss:1  | Noticed a worldbinder
    72 | Abyss:1  | Noticed a Hell Sentinel
    73 | D:1      | Escaped the Abyss
   273 | D:1      | Reached * piety under Lugonu
   304 | D:1      | Reached XP level 2. HP: 24/24 MP: 3/3
   437 | D:2      | Found a faded altar of an unknown god.
   706 | D:1      | Reached XP level 3. HP: 29/29 MP: 4/4
  1063 | D:2      | Noticed Sigmund
  1076 | D:2      | Reached ** piety under Lugonu
  1494 | D:1      | Reached XP level 4. HP: 10/37 MP: 5/5
  1953 | D:2      | Noticed Terence
  1985 | D:3      | Killed Terence
  2078 | D:3      | Reached XP level 5. HP: 25/42 MP: 6/6
  2446 | D:3      | Reached XP level 6. HP: 43/49 MP: 7/7
  2454 | D:3      | Reached *** piety under Lugonu
  3384 | D:3      | Reached skill level 5 in Fighting
  3724 | D:3      | Reached **** piety under Lugonu
  4101 | D:3      | Reached XP level 7. HP: 56/56 MP: 8/8
  4116 | D:3      | Reached skill level 5 in Armour
  4649 | D:3      | Reached skill level 5 in Axes
  5032 | D:4      | Reached XP level 8. HP: 57/64 MP: 9/9
  5074 | D:4      | Reached ***** piety under Lugonu
  5107 | D:4      | Found a hide-covered altar of Uskayaw.
  5108 | D:4      | Noticed a dagger
  5108 | D:4      | Noticed a dagger
  5164 | D:4      | HP: 3/65 [poisoned by a scorpion]
  5172 | D:4      | HP: 3/65 [poisoned by a scorpion]
  6047 | D:5      | Entered Level 5 of the Dungeon
  6655 | D:6      | Noticed Grinder
  6741 | D:2      | Killed Sigmund
  7281 | D:6      | Found a staircase to the Ecumenical Temple.
  7286 | D:6      | Reached XP level 9. HP: 58/72 MP: 10/10
  7507 | D:5      | HP: 2/72 [black bear (8)]
  7507 | D:5      | Slain by a black bear

Vault maps used:
D:1:      lemuel_arrival_muddy
D:2:      ecumenical_altar_1, minmay_pentomino_u2, uniq_terence, uniq_sigmund
D:3:      minmay_goblin_kobold_castle, first_bread
D:4:      dancing_weapons_uskayaw
D:5:      minmay_gold_behind_fungi
D:6:      uniq_pikel, uniq_grinder
Abyss:1:  lemuel_flamethrower_2

Skill      XL: |  1  2  3  4  5  6  7  8 |
---------------+-------------------------+-----
Armour         | 3 4 5 7 |  7.2
Fighting       | 4 5 6 7 |  7.5
Axes           | 3 4 5 6 |  6.4
Dodging        | |  0.8
Invocations    | |  2.1

Action                   |  1- 3 |  4- 6 |  7- 9 || total
-------------------------+-------+-------+-------++-------
Melee: Hand axe          |   136 |   292 |   197 ||   625
       War axe           |       |       |   137 ||   137
Invok: Depart the Abyss  |     1 |       |       ||     1
 Abil: Dig               |     1 |     3 |     5 ||     9
  Use: Scroll            |     2 |     4 |     6 ||    12
       Potion            |       |     1 |     1 ||     2
  Eat: Chunk             |     2 |    10 |    11 ||    23
Armor: Leather armour    |    42 |       |       ||    42
       Ring mail         |    21 |   153 |   207 ||   381
Dodge: Dodged            |   110 |   156 |   209 ||   475
